General information
- name: BNet
- type: Ladder team game (AT/RT)
- host: Battle.net
- saver: nub-dub
map: RiceFields
- players: 6
- length: 19:35
- speed: Fast
- version: 1.26 W3XP
- replay type: Public
» download(95 KB)
Players
team 1 (loser)
vasasu (
blue | 76 APM | 1475 actions | 19:26)
4 Archmage
2 Summon Water Elemental
2 Brilliance Aura
4 Mountain King
2 Storm Bolt
2 Bash
» actions
| Assign group hotkey | 32 | |
| Basic commands | 260 | |
| Build / train | 91 | |
| ESC pressed | 1 | |
| Enter build submenu | 22 | |
| Enter hero's abilities submenu | 8 | |
| Give item / drop item | 1 | |
| Remove unit from queue | 2 | |
| Right click | 426 | |
| Select / deselect | 331 | |
| Select group hotkey | 191 | |
| Use ability | 110 | |
1475 total
» units
| Peasant | 16 | |
| Footman | 30 | |
| Priest | 6 | |
| Sorceress | 4 | |
| Dragonhawk Rider | 7 | |
63 total
» upgrades
» buildings
| Farm | 9 | |
| Barracks | 2 | |
| Altar of Kings | 1 | |
| Lumber Mill | 1 | |
| Scout Tower | 1 | |
| Arcane Tower | 1 | |
| Arcane Vault | 1 | |
| Keep | 1 | |
| Arcane Sanctum | 2 | |
| Gryphon Aviary | 2 | |
| Town Hall | 1 | |
22 total
» build order
00:07 Farm
00:10 Barracks
00:17 Altar of Kings
00:50 Farm
01:06 Lumber Mill
01:46 Scout Tower
02:20 Farm
02:28 Arcane Tower
02:51 Barracks
03:00 Farm
05:56 Arcane Vault
07:17 Farm
07:30 Keep
10:16 Arcane Sanctum
10:33 Arcane Sanctum
11:30 Gryphon Aviary
11:33 Gryphon Aviary
12:50 Farm
13:33 Farm
14:13 Town Hall
14:55 Farm
16:55 Farm
» items
| Scroll of Regeneration | 3 | |
| Lesser Clarity Potion | 3 | |
| Potion of Healing | 1 | |
| Potion of Invulnerability | 1 | |
| Slippers of Agility +3 | 1 | |
9 total
bommerman (
yellow | 22 APM | 433 actions | 19:33)
5 Paladin
1 Holy Light
1 Divine Shield
3 Devotion Aura
» actions
| Build / train | 74 | |
| Enter build submenu | 20 | |
| Enter hero's abilities submenu | 5 | |
| Remove unit from queue | 2 | |
| Right click | 114 | |
| Select / deselect | 167 | |
| Use ability | 51 | |
433 total
» units
| Peasant | 14 | |
| Footman | 20 | |
| Dragonhawk Rider | 8 | |
| Siege Engine | 4 | |
| Mortar Team | 3 | |
49 total
» upgrades
| Defend | 1 | |
| Plating | 2 | |
| Swords | 2 | |
| Lumber Harvesting | 1 | |
| Armor | 2 | |
| Barrage | 1 | |
| Cloud | 1 | |
| Fragmentation Shards | 1 | |
| Animal War Training | 1 | |
12 total
» buildings
| Altar of Kings | 1 | |
| Farm | 10 | |
| Barracks | 3 | |
| Scout Tower | 1 | |
| Arcane Tower | 1 | |
| Blacksmith | 1 | |
| Lumber Mill | 1 | |
| Keep | 1 | |
| Castle | 1 | |
| Gryphon Aviary | 1 | |
| Workshop | 1 | |
| Arcane Vault | 1 | |
23 total
» build order
00:27 Altar of Kings
00:41 Farm
01:20 Farm
01:37 Barracks
01:40 Barracks
01:43 Scout Tower
01:47 Barracks
01:58 Farm
03:02 Farm
03:03 Arcane Tower
03:42 Blacksmith
06:12 Lumber Mill
07:15 Keep
09:50 Castle
11:03 Gryphon Aviary
11:10 Workshop
11:21 Arcane Vault
11:33 Farm
14:31 Farm
14:35 Farm
15:58 Farm
16:26 Farm
16:35 Farm
Dr.O2 (
green | 88 APM | 1695 actions | 19:16)
4 Archmage
1 Summon Water Elemental
2 Brilliance Aura
1 Blizzard
3 Paladin
2 Devotion Aura
1 Holy Light
» actions
| Assign group hotkey | 44 | |
| Build / train | 99 | |
| ESC pressed | 1 | |
| Enter build submenu | 18 | |
| Enter hero's abilities submenu | 7 | |
| Give item / drop item | 5 | |
| Right click | 561 | |
| Select / deselect | 202 | |
| Select group hotkey | 692 | |
| Use ability | 66 | |
1695 total
» units
| Peasant | 10 | |
| Footman | 13 | |
| Mortar Team | 1 | |
| Flying Machine | 43 | |
| Siege Engine | 2 | |
69 total
» upgrades
| Defend | 1 | |
| Plating | 1 | |
| Gunpowder | 1 | |
| Flak Cannons | 1 | |
| Flying Machine Bombs | 1 | |
| Lumber Harvesting | 1 | |
| Barrage | 1 | |
7 total
» buildings
| Barracks | 1 | |
| Altar of Kings | 1 | |
| Farm | 10 | |
| Scout Tower | 1 | |
| Arcane Tower | 1 | |
| Keep | 1 | |
| Arcane Vault | 1 | |
| Lumber Mill | 1 | |
| Blacksmith | 1 | |
| Workshop | 2 | |
| Castle | 1 | |
21 total
» build order
00:06 Barracks
00:21 Altar of Kings
00:36 Farm
00:50 Farm
01:30 Scout Tower
01:40 Farm
02:09 Arcane Tower
02:20 Farm
05:57 Keep
06:00 Arcane Vault
06:25 Lumber Mill
07:06 Blacksmith
09:00 Workshop
10:52 Workshop
11:32 Farm
11:32 Farm
11:33 Farm
11:40 Castle
12:02 Farm
12:02 Farm
12:13 Farm
» items
| Scroll of Regeneration | 3 | |
| Scroll of Town Portal | 2 | |
| Potion of Healing | 2 | |
7 total
team 2 (winner)

»
nub-dub (
pink | 41 APM | 796 actions | 19:35)
5 Blademaster
3 Wind Walk
2 Critical Strike
1 Paladin
1 Divine Shield
» actions
| Assign group hotkey | 17 | |
| Basic commands | 2 | |
| Build / train | 72 | |
| ESC pressed | 1 | |
| Enter build submenu | 20 | |
| Enter hero's abilities submenu | 6 | |
| Remove unit from queue | 1 | |
| Right click | 330 | |
| Select / deselect | 250 | |
| Select group hotkey | 37 | |
| Use ability | 60 | |
796 total
» units
| Peon | 14 | |
| Grunt | 6 | |
| Peasant | 9 | |
| Shaman | 5 | |
| Tauren | 7 | |
| Flying Machine | 5 | |
46 total
» upgrades
| Shaman Training | 2 | |
| Pulverize | 1 | |
| Melee Weapons | 1 | |
| Armor | 1 | |
| Flak Cannons | 1 | |
| Flying Machine Bombs | 1 | |
7 total
» buildings
| Altar of Storms | 1 | |
| Orc Burrow | 7 | |
| Barracks | 1 | |
| Voodoo Lounge | 1 | |
| War Mill | 1 | |
| Stronghold | 1 | |
| Watch Tower | 3 | |
| Spirit Lodge | 1 | |
| Fortress | 1 | |
| Tauren Totem | 2 | |
| Farm | 1 | |
20 total
» build order
00:14 Altar of Storms
00:25 Orc Burrow
00:51 Barracks
01:42 Orc Burrow
01:56 Voodoo Lounge
02:41 War Mill
03:19 Stronghold
05:57 Orc Burrow
06:24 Orc Burrow
06:54 Watch Tower
06:57 Spirit Lodge
07:09 Watch Tower
08:39 Fortress
11:28 Tauren Totem
11:29 Tauren Totem
11:48 Orc Burrow
11:52 Orc Burrow
12:27 Watch Tower
16:09 Farm
17:03 Orc Burrow
» items
| Potion of Healing | 3 | |
| Potion of Mana | 1 | |
| Healing Salve | 1 | |
| Scroll of Town Portal | 2 | |
7 total
at4122 (
purple | 42 APM | 829 actions | 19:34)
5 Mountain King
2 Storm Bolt
2 Bash
1 Avatar
5 Paladin
3 Holy Light
2 Divine Shield
» actions
| Assign group hotkey | 28 | |
| Basic commands | 51 | |
| Build / train | 65 | |
| Enter build submenu | 17 | |
| Enter hero's abilities submenu | 10 | |
| Remove unit from queue | 1 | |
| Right click | 277 | |
| Select / deselect | 188 | |
| Select group hotkey | 127 | |
| Use ability | 65 | |
829 total
» units
| Peasant | 8 | |
| Footman | 6 | |
| Gryphon Rider | 9 | |
| Dragonhawk Rider | 1 | |
| Rifleman | 2 | |
| Flying Machine | 7 | |
33 total
» upgrades
| Storm Hammers | 1 | |
| Long Rifles | 1 | |
| Flying Machine Bombs | | |
| Animal War Training | 1 | |
| Swords | 2 | |
| Armor | 1 | |
| Gunpowder | 1 | |
| Plating | 1 | |
8 total
» buildings
| Altar of Kings | 1 | |
| Farm | 9 | |
| Barracks | 1 | |
| Scout Tower | 1 | |
| Keep | 1 | |
| Arcane Tower | 1 | |
| Lumber Mill | 1 | |
| Arcane Vault | 1 | |
| Castle | 1 | |
| Gryphon Aviary | 2 | |
| Blacksmith | 1 | |
20 total
» build order
00:11 Altar of Kings
00:21 Farm
00:23 Farm
01:09 Barracks
01:49 Scout Tower
02:24 Keep
02:32 Arcane Tower
03:04 Lumber Mill
03:30 Farm
03:31 Farm
03:58 Arcane Vault
06:19 Castle
06:28 Farm
06:30 Farm
07:13 Gryphon Aviary
07:14 Gryphon Aviary
11:41 Farm
11:43 Farm
12:34 Blacksmith
12:53 Farm
» items
| Healing Salve | 1 | |
| Lesser Clarity Potion | 1 | |
| Orb of Fire | 1 | |
| Scroll of Town Portal | 2 | |
| Scroll of Regeneration | 1 | |
6 total
amishpimp (
teal | 32 APM | 313 actions | 09:55)
3 Archmage
1 Summon Water Elemental
2 Brilliance Aura
1 Paladin
1 Holy Light
» actions
| Assign group hotkey | 5 | |
| Basic commands | 4 | |
| Build / train | 42 | |
| Enter build submenu | 16 | |
| Enter hero's abilities submenu | 4 | |
| Remove unit from queue | 2 | |
| Right click | 81 | |
| Select / deselect | 89 | |
| Select group hotkey | 24 | |
| Use ability | 46 | |
313 total
» units
» buildings
| Altar of Kings | 1 | |
| Farm | 6 | |
| Barracks | 2 | |
| Blacksmith | 1 | |
| Lumber Mill | 1 | |
| Keep | 2 | |
| Arcane Vault | 1 | |
| Castle | 1 | |
| Workshop | 4 | |
19 total
» build order
00:08 Altar of Kings
00:24 Farm
01:08 Barracks
01:19 Farm
02:02 Farm
02:17 Barracks
02:38 Blacksmith
03:02 Lumber Mill
03:24 Keep
03:24 Keep
03:29 Arcane Vault
03:55 Farm
04:33 Farm
06:09 Castle
06:31 Workshop
07:22 Workshop
07:27 Workshop
07:32 Workshop
07:47 Farm
» items
| Potion of Healing | 1 | |
| Lesser Clarity Potion | 1 | |
2 total
Chat log
(00:08 / Allies) nub-dub: i'll take care of melee
(00:26 / Allies) at4122: air
(00:36 / Allies) amishpimp: uh rifle morts then i guess
(06:32 / Allies) nub-dub: thanks guys
(06:47 / Allies) amishpimp: oh np, i mean you are my ally
(07:11 / Allies) nub-dub: they will be back
(07:19 / Allies) amishpimp: cool
(07:51 / Allies) nub-dub: worst comes to worse fuck my base
(07:53 / Allies) nub-dub: and hit them
(09:00 / Allies) amishpimp: talk about zerg
(09:53 / Allies) amishpimp: k gg
(12:03 / Allies) nub-dub: u got teal?
(12:21 / All) Dr.O2: C
(12:34 / Allies) nub-dub: comin
(16:08 / Allies) at4122: ready?
(16:13 / Allies) nub-dub: yeah
(16:26 / Allies) at4122: meet
(16:31 / Allies) nub-dub: kk
(18:37 / All) nub-dub: fuck you all